 Dungeon Crawl Stone Soup version 0.27-a0-67-g4bfc8a49e1 (webtiles) character file.

Game seed: 7529864388996431170

98 tatocazan the Sneak (level 4, 0/30 HPs)
             Began as an Octopode Brigand on Jan 10, 2021.
             Slain by a bat (1 damage)
             ... on level 3 of the Dungeon.
             The game lasted 00:02:09 (1617 turns).

tatocazan the Sneak (Octopode Brigand)              Turns: 1617, Time: 00:02:10

Health: 0/30       AC:  1    Str: 10    XL:     4   Next: 69%
Magic:  4/4        EV: 13    Int: 13    God:
Gold:   103        SH:  0    Dex: 14    Spells: 3/3 levels left

rFire    . . .     SeeInvis .   a - +2 dagger
rCold    . . .     Faith    .   (no shield)
rNeg     . . .     Spirit   .   (helmet restricted)
rPois    .         Reflect  .   (no amulet)
rElec    .         Harm     .   (no ring)
rCorr    .         Rampage  .   (no ring)
Will     .....                  (no ring)
Stlth    ++++......             (no ring)
HPRegen  0.10/turn              (no ring)
MPRegen  0.09/turn              (no ring)
                                (no ring)
                                (no ring)

@: no status effects
A: almost no armour, stealthy swim, amphibious, 8 rings, constrict 8, camouflage
1, gelatinous body 1
a: no special abilities


You were on level 3 of the Dungeon.
You visited 1 branch of the dungeon, and saw 3 of its levels.

You collected 103 gold pieces.

Inventory:

Hand Weapons
 a - a +2 dagger (weapon)
 o - a +1 dagger of holy wrath
Missiles
 b - 8 poisoned darts (quivered)
 c - 2 curare-tipped darts
Scrolls
 d - 2 scrolls of remove curse {unknown}
 g - a scroll of amnesia {unknown}
 h - a scroll of noise {unknown}
 j - 2 scrolls of identify {unknown}
 k - a scroll of teleportation {unknown}
 l - a scroll of enchant weapon {unknown}
 m - a scroll of random uselessness {unknown}
Potions
 e - a potion of invisibility {unknown}
 f - a potion of lignification {unknown}
 i - a potion of cancellation {unknown}
 n - a potion of curing {unknown}
 p - a potion of ambrosia {unknown}
 q - a potion of heal wounds {unknown}


   Skills:
 + Level 2.7 Fighting
 + Level 2.7 Short Blades
 - Level 2.0 Throwing
 + Level 2.1 Dodging
 * Level 6.6 Stealth


You had 3 spell levels left.
You didn't know any spells.
Your spell library was empty.

Dungeon Overview and Level Annotations

Branches:
Dungeon (3/15)

Altars:


Innate Abilities, Weirdness & Mutations

You cannot wear most types of armour.
You are very stealthy in the water. (Stealth+)
You are amphibious.
You can wear up to eight rings at the same time.
You can use your tentacles to constrict eight enemies at once.
Your skin changes colour to match your surroundings (Stealth+).
Your rubbery body absorbs attacks. (AC +1, EV +1)


Message History

You take 6 damage, and have 8/30 hp.
You hit the orc wizard.
The orc wizard is heavily wounded.
You constrict the orc wizard. The bat misses you.
The orc wizard closely misses you.
You hit the orc wizard.
The orc wizard is severely wounded.
You constrict the orc wizard. The orc misses you.
The orc wizard hits you with a +0 dagger of holy wrath.
* * * LOW HITPOINT WARNING * * *
You take 4 damage, and have 4/30 hp.
You hit the orc wizard but do no damage.
The orc wizard is severely wounded.
You constrict the orc wizard, but do no damage.
The bat barely misses you. The bat hits you.
* * * LOW HITPOINT WARNING * * *
The orc wizard hits you with a +0 dagger of holy wrath.
* * * LOW HITPOINT WARNING * * *
The orc barely misses you. The bat hits you.
You die...

## #. #. ##.# #...
#... ####..b#######
#.....o@...<.#
#.....o...#†.......
#.........#........
####......#......(.
#....###........
#..... ........?
#.#### #........ #.
#.......#


You could see an orc wizard (fast), an orc and a bat.

Vanquished Creatures
  An orc wizard (D:2)
  A gnoll (D:2)
  2 adders (D:2)
  A worm (D:2)
  A dart slug (D:1)
  2 leopard geckos
  3 orcs
  A giant cockroach (D:2)
  6 goblins
  3 hobgoblins
  A quokka (D:2)
  3 bats (D:1)
  3 frilled lizards
  3 kobolds
  5 rats
36 creatures vanquished.

Notes
Turn   | Place    | Note
-------+----------+-------------------------------------------
     0 | D:1      | tatocazan the Octopode Brigand began the quest for the Orb.
     0 | D:1      | Reached XP level 1. HP: 14/14 MP: 1/1
   170 | D:1      | Reached XP level 2. HP: 17/19 MP: 2/2
   629 | D:2      | Reached XP level 3. HP: 24/24 MP: 3/3
   766 | D:2      | Reached skill level 6 in Stealth
  1068 | D:2      | Reached XP level 4. HP: 30/30 MP: 4/4
  1617 | D:3      | HP: 1/30 [orc wizard/+0 dagger of holy wrath (2)]
  1617 | D:3      | Slain by a bat

Illustrated notes

Levels and vault maps discovered:
D:1:      dpeg_arrival_court, layout_rooms, st_stairs_1
D:2:      minmay_door_path, layout_basic
D:3:      layout_loops_cross, portal_sewer_entry_f, serial_bayou,
          serial_bayou_lagoon_a, serial_bayou_shore_b, serial_bayou_pond_b,
          serial_bayou_pond_e, minmay_strange_pillars

Skill      XL: |  1  2  3  4 |
---------------+-------------+-----
Stealth        | 6 |  6.6
Dodging        | 2 |  2.1
Fighting       | |  2.7
Short Blades   | |  2.7
Throwing       | |  2.0

Action                   |  1- 3 |  4- 6 || total
-------------------------+-------+-------++-------
Melee: Dagger            |    36 |    27 ||    63
       Constrict         |     5 |     8 ||    13
       Tentacles         |     3 |     5 ||     8
 Stab: Sleeping          |    19 |     1 ||    20
       Distracted        |       |     1 ||     1
Armor: Skin              |       |     1 ||     1
Dodge: Dodged            |    16 |    17 ||    33

Table legend: (Time is in decaauts)
 A = Elapsed time spent in this place.
 B = Non-inter-level travel time spent in this place.
 C = Inter-level travel time spent in this place.
 D = Time resting spent in this place.
 E = Time spent auto-exploring this place.
 F = Levels seen in this place.
 G = Mean time per level.
                   A        B        C        D        E       F      G
               +--------+--------+--------+--------+--------+-----+--------+
         Total |   1609 |   1570 |     39 |    242 |   1130 |   3 |  536.3 |
       Dungeon |   1609 |   1570 |     39 |    242 |   1130 |   3 |  536.3 |
               +--------+--------+--------+--------+--------+-----+--------+

Top non-repeatable levels by time:
     D:2: 1079 daAuts
     D:1: 519 daAuts
     D:3: 10 daAuts
